 Dungeon Crawl Stone Soup version 0.30-a0-118-ga018f8e90f (webtiles) character file.

Game seed: 3872570587505257841

231 LnG the Chopper (level 6, -2/53 HPs)
             Began as a Hill Orc Fighter on Sept 13, 2022.
             Slain by a black bear (7 damage)
             ... on level 4 of the Dungeon.
             The game lasted 00:06:00 (3216 turns).

LnG the Chopper (Hill Orc Fighter)                  Turns: 3216, Time: 00:06:00

Health: -2/53      AC:  9    Str: 28    XL:     6   Next: 3%
Magic:  6/6        EV: 10    Int: 12    God:
Gold:   245        SH:  4    Dex: 10    Spells: 5/5 levels left

rFire   . . .      SeeInvis .    a - +0 war axe
rCold   . . .      Faith    .    c - +0 buckler
rNeg    . . .      Spirit   .    v - +1 ring mail of Enae {Str+7 Int+4}
rPois   +          Reflect  .    (no helmet)
rElec   .          Harm     .    f - +0 cloak
rCorr   .          Rampage  .    (no gloves)
Will    .....                    t - +0 pair of boots
Stlth   ..........               (no amulet)
HPRegen 0.17/turn                o - ring of poison resistance
MPRegen 0.10/turn                (no ring)

@: no status effects
A: no striking features
a: no special abilities


You were on level 4 of the Dungeon.
You visited 1 branch of the dungeon, and saw 4 of its levels.

You collected 245 gold pieces.

Inventory:

Hand Weapons
 a - a +0 war axe (weapon)
Armour
 b - a +0 scale mail
 c - a +0 buckler (worn)
 f - a +0 cloak (worn)
 r - a +0 chain mail of positive energy
 t - a +0 pair of boots (worn)
 v - the +1 ring mail of Enae (worn) {Str+7 Int+4}
   (You found it on level 4 of the Dungeon)

   Str:       It affects your strength (+7).
   Int:       It affects your intelligence (+4).
Jewellery
 o - a ring of poison resistance (left hand)
Scrolls
 g - 2 scrolls of identify
 h - a scroll of teleportation
 i - a scroll of immolation
 k - a scroll of fear {unknown}
 l - 2 scrolls of poison {unknown}
 n - a scroll of enchant armour {unknown}
 p - a scroll of fog {unknown}
 s - 2 scrolls of amnesia {unknown}
Potions
 d - 2 potions of might
 e - a potion of resistance {unknown}
 j - 2 potions of invisibility {unknown}
 m - a potion of heal wounds {unknown}
 q - a potion of flight {unknown}
 u - 2 potions of curing {unknown}
 w - a potion of berserk rage {unknown}


   Skills:
 + Level 4.6 Fighting
 + Level 6.0 Axes
 + Level 4.1 Armour
 + Level 0.2 Dodging
 + Level 0.1 Stealth
 + Level 3.9 Shields


You had 5 spell levels left.
You didn't know any spells.
Your spell library contained the following spells:

 Spells                   Type           Power      Damage    Failure   Level
 Magic Dart               Conj           0%         1d3       52%         1
 Call Imp                 Summ           0%         N/A       67%         2
 Mephitic Cloud           Conj/Pois/Air  0%         N/A       88%         3


Dungeon Overview and Level Annotations

Branches:
Dungeon (4/15)
 Temple: D:4-7

Altars:
Okawaru
Beogh

Shops:
D:2 *


Message History

The quokka is heavily wounded.
You hit the ogre. You barely miss the howler monkey.
You closely miss the black bear. The quokka bites you.
The howler monkey hits you but does no damage.
The black bear bites you. You block the black bear's attack. x2
The ogre closely misses you.
The quokka bites you but does no damage.
You hit the ogre.
The ogre is severely wounded.
You slash the black bear! You barely miss the howler monkey.
You hit the quokka.
The howler monkey hits you but does no damage.
The black bear bites you.
The black bear claws you but does no damage.
You block the black bear's attack. The ogre closely misses you.
The quokka bites you but does no damage.
The howler monkey hoots and howls with incredible vigour!
You hear a shout!
You are too injured to fight recklessly!
Unknown command.
You are too injured to fight recklessly!
You hit the black bear.
The black bear is severely wounded.
You slash the howler monkey! You barely miss the quokka. You hit the ogre.
The black bear goes berserk!
The quokka barely misses you. The howler monkey closely misses you.
The ogre hits you with a +0 giant club!
* * * LOW HITPOINT WARNING * * *
The black bear barely misses you. The black bear claws you.
* * * LOW HITPOINT WARNING * * *
The black bear closely misses you.
You hit the black bear.
The black bear is severely wounded.
You hit the howler monkey.
You kill the howler monkey!
You slash the quokka!
You kill the quokka!
You slash the ogre!
You kill the ogre!
The black bear bites you!
You die...

.........##.#.<. ..$.
................
.b#.###
+#.......#######
....... ####.##.####...
#..... #.......#.##
#..... #.#####.#.#.
#.....## # #.#.#.
#...$†.####### #.#...
#.....@....... #.....
#....h5####### ###...
######.....#########.#.
#.###..#........#. #.#
##..........#. #'#
##.........#. ...
##........#. ..?
#..>.....#. ###########


You could see a black bear (berserk) and an ufetubus.

Vanquished Creatures
  An ogre (D:4)
  A howler monkey (D:4)
  An orc priest (D:3)
  A hound (D:4)
  An orc wizard (D:3)
  6 adders
  A white imp (D:4)
  A worm (D:3)
  3 dart slugs
  10 orcs
  7 ball pythons
  5 bats
  7 endoplasms
  4 goblins
  4 hobgoblins
  8 jackals
  A quokka (D:4)
  4 frilled lizards
  5 kobolds
  3 rats
74 creatures vanquished.

Notes
Turn   | Place    | Note
-------+----------+-------------------------------------------
     0 | D:1      | LnG the Hill Orc Fighter began the quest for the Orb.
     0 | D:1      | Reached XP level 1. HP: 19/19 MP: 1/1
   354 | D:1      | Reached XP level 2. HP: 18/27 MP: 2/2
   773 | D:1      | Reached skill level 3 in Axes
  1290 | D:2      | Found Ajeutets's Assorted Antiques.
  1296 | D:2      | Reached XP level 3. HP: 28/33 MP: 3/3
  1507 | D:2      | Found a roughly hewn altar of Beogh.
  1572 | D:2      | Found a faded altar of an unknown god.
  1829 | D:2      | Reached XP level 4. HP: 40/40 MP: 4/4
  1843 | D:2      | Reached skill level 4 in Axes
  2259 | D:3      | Reached XP level 5. HP: 46/46 MP: 5/5
  2406 | D:3      | Reached skill level 5 in Axes
  2755 | D:3      | Found an iron altar of Okawaru.
  2946 | D:4      | Identified the +1 ring mail of Enae {Str+7 Int+4}
  3086 | D:4      | Reached XP level 6. HP: 48/53 MP: 6/6
  3207 | D:4      | Noticed a black bear
  3209 | D:4      | Reached skill level 6 in Axes
  3216 | D:4      | Slain by a black bear

Illustrated notes

Levels and vault maps discovered:
D:1:      lightli_arrival_flooded_house, layout_loops_corners,
          serial_co_window_serial, co_window_corner_a, co_window_paths_b,
          co_window_of_opportunity_a, co_window_paths_a, co_window_cross_1,
          co_window_of_opportunity_a, co_window_paths_b, co_window_paths_c,
          co_window_broadway_c, co_window_unsneaky_path_b, glass_columns_a,
          glass_columns_a, glass_columns_a, glass_columns_b, glass_columns_a,
          minmay_misc_feat_x, minmay_pentomino_u2
D:2:      layout_loops_ring, serial_shops, shop,
          hellmonk_ecumenical_altar_defaced_shrine
D:3:      layout_rooms, mainiacjoe_overflow_chevrons, kennysheep_generic_room_2
D:4:      layout_basic, xom_butterflies

Skill      XL: |  1  2  3  4  5  6 |
---------------+-------------------+-----
Axes           | 3 4 5 6 |  6.0
Fighting       | 4 |  4.6
Armour         | 4 |  4.1
Dodging        | |  0.2
Stealth        | |  0.1
Shields        | |  3.9

Action                   |  1- 3 |  4- 6 || total
-------------------------+-------+-------++-------
Melee: War axe           |    80 |   118 ||   198
  Use: Scroll            |       |     3 ||     3
Armor: Scale mail        |    40 |       ||    40
       Chain mail        |     1 |    63 ||    64
       Ring mail         |       |    25 ||    25
Dodge: Dodged            |    32 |    60 ||    92
Block: Buckler           |    16 |    29 ||    45

Table legend: (Time is in decaauts)
 A = Elapsed time spent in this place.
 B = Non-inter-level travel time spent in this place.
 C = Inter-level travel time spent in this place.
 D = Time resting spent in this place.
 E = Time spent auto-exploring this place.
 F = Levels seen in this place.
 G = Mean time per level.
                   A        B        C        D        E       F      G
               +--------+--------+--------+--------+--------+-----+--------+
         Total |   3280 |   3141 |    139 |    308 |   2287 |   4 |  820.0 |
       Dungeon |   3280 |   3141 |    139 |    308 |   2287 |   4 |  820.0 |
               +--------+--------+--------+--------+--------+-----+--------+

Top non-repeatable levels by time:
     D:1: 1365 daAuts
     D:2: 919 daAuts
     D:3: 716 daAuts
     D:4: 279 daAuts
